 Dungeon Crawl Stone Soup version 0.20.1-1-g8b1a95d (webtiles) character file.

54 polve the Slasher (level 3, 0/28 HPs)
             Began as a Vine Stalker Fighter on July 31, 2017.
             Succumbed to an adder's poison
             ... on level 2 of the Dungeon.
             The game lasted 00:01:23 (1086 turns).

polve the Slasher (Vine Stalker Fighter)            Turns: 1086, Time: 00:01:23

Health: 0/28       AC: 21    Str: 18    XL:     3   Next: 91%
Magic:  3/4        EV:  2    Int:  8    God:
Gold:   62         SH:  9    Dex: 14    Spells: 2/2 levels left

rFire    . . .     SeeInvis .   a - +0 long sword
rCold    . . .     Gourm    .   c - +0 shield
rNeg     + + +     Faith    .   (armour currently unavailable)
rPois    +         Spirit   +   (helmet currently unavailable)
rElec    .         Reflect  .   (cloak currently unavailable)
rCorr    .         Harm     .   (gloves currently unavailable)
MR       .....     NoTele   +   (boots currently unavailable)
Stlth    +.........             (no amulet)
Regen    0.1/turn               (no ring)
MPRegen  0.1/turn               (no ring)

@: lethally poisoned (0 -> -4), tree-form
A: magic shield, no potion heal 3, rot immunity
a: no special abilities


You were on level 2 of the Dungeon.
You were hungry.
You were a tree.
You visited 1 branch of the dungeon, and saw 2 of its levels.

You collected 62 gold pieces.

Inventory:

Hand Weapons
 a - a +0 long sword (weapon)
Armour
 b - a +0 scale mail (melded)
 c - a +0 shield (worn)
Scrolls
 e - 2 scrolls of recharging {unknown}
 j - a scroll of blinking {unknown}
 n - a scroll of teleportation {unknown}
 o - a scroll of identify {unknown}
Potions
 d - a potion of might
 i - a potion of lignification
 k - a potion of magic {unknown}
 l - a potion of curing {unknown}
 m - a potion of flight {unknown}
Comestibles
 f - a bread ration
 g - 3 chunks of flesh
 h - 4 fruits


   Skills:
 - Level 2.6 Fighting
 + Level 3.6 Long Blades
 - Level 2.4 Armour
 - Level 2.6 Shields


You had 2 spell levels left.
You didn't know any spells.

Dungeon Overview and Level Annotations

Branches:
Dungeon (2/15)

Altars:
Dithmenos


Innate Abilities, Weirdness & Mutations

((You have extremely sharp teeth.))
When hurt, damage is shared between your health and your magic reserves.
((Your bite disrupts and absorbs the magic of your enemies.))
Potions cannot restore your health.
You are immune to rotting.


Message History

You block the bat's attack.
Found 8 gold pieces.
You block the bat's attack. The adder bites you but does no damage.
The bat hits you.
* * * LOW HITPOINT WARNING * * *
You block the adder's attack. You block the bat's attack.
You closely miss the adder. You bite the adder. You drain its power.
You feel invigorated.
The adder is moderately wounded.
The bat hits you but does no damage. You block the bat's attack.
The adder bites you.
You are lethally poisoned!
The adder poisons you! The gnoll barely misses you.
You block the adder's attack. You block the bat's attack.
The gnoll hits you from afar with a spear.
* * * LOW HITPOINT WARNING * * *
It was a potion of lignification.
You turn into a tree.
Your +0 scale mail melds into your body.
Your roots penetrate the ground.
You die...

#### ####### ##..##
#.....# .....## #.....#
.##...##########.....###
..##......ggg..g........
._.#....########g....##
..##..#.# #..bS...#...
.##...#.# #...♣...#
.....[.g# #.......#
##..###.# #.......#
..### #g# #.......# #.#
#.# #.......# #.## #.#
#.....$.# #..# #.#
#######.# #..# #.# ..
#..####.#


You could see 2 gnolls, an adder and a bat.

Vanquished Creatures
  2 adders (D:2)
  2 dart slugs
  A giant cockroach (D:1)
  4 goblins (D:1)
  2 hobgoblins
  6 jackals
  2 ball pythons (D:2)
  5 bats
  A frilled lizard (D:1)
  5 kobolds
  2 rats (D:1)
32 creatures vanquished.

Notes
Turn   | Place    | Note
-------+----------+-------------------------------------------
     0 | D:1      | polve the Vine Stalker Fighter began the quest for the Orb.
     0 | D:1      | Reached XP level 1. HP: 11/11 MP: 2/2
   104 | D:1      | Reached skill level 2 in Long Blades
   110 | D:1      | Reached XP level 2. HP: 12/16 MP: 3/3
   806 | D:1      | Reached skill level 3 in Long Blades
   844 | D:2      | Reached XP level 3. HP: 19/19 MP: 4/4
   975 | D:2      | Found a shadowy altar of Dithmenos.
  1086 | D:2      | Succumbed to an adder's poison

Skill      XL: |  1  2 |
---------------+-------+-----
Long Blades    | 2 3 |  3.6
Fighting       | |  2.6
Armour         | |  2.4
Shields        | |  2.6

Action                   || total
-------------------------++-------
Melee: Long sword        ||    89
       Bite              ||    29
  Use: Potion            ||     1
Armor: Scale mail        ||    57
Dodge: Dodged            ||    41
Block: Shield            ||    66
       Rpst.: Long sword ||    12
